 Dungeon Crawl Stone Soup version 0.28.0-47-ge53b351184 (webtiles) character file.

Game seed: 3083904367145140166

212 bobregger the Cudgeller (level 5, -1/81 HPs)
             Began as an Ogre Berserker on May 10, 2022.
             Was a Follower of Trog.
             Slain by an orc
             ... wielding a +0 mace
              (4 damage)
             ... on level 3 of the Dungeon.
             The game lasted 00:04:36 (4560 turns).

bobregger the Cudgeller (Ogre Berserker)            Turns: 4560, Time: 00:04:36

Health: -1/81      AC:  3    Str: 29    XL:     5   Next: 90%
Magic:  5/5        EV: 10    Int:  8    God:    Trog [*.....]
Gold:   135        SH:  0    Dex: 10    Spells: 4/4 levels left

rFire   . . .      SeeInvis .   a - +0 mace
rCold   . . .      Faith    .   (no shield)
rNeg    . . .      Spirit   .   b - +0 animal skin
rPois   .          Reflect  .   (helmet restricted)
rElec   .          Harm     .   (no cloak)
rCorr   +          Rampage  .   (gloves unavailable)
Will    .....                   (boots unavailable)
Stlth   ..........              (no amulet)
HPRegen 0.23/turn               l - ring of Fabyche {Will- rCorr Str+8}
MPRegen 0.09/turn               (no ring)

@: berserking, very quick
A: large, unfitting armour, tough skin 1
a: Renounce Religion, Berserk


You were on level 3 of the Dungeon.
You worshipped Trog.
Trog was aware of your devotion.
You visited 1 branch of the dungeon, and saw 3 of its levels.

You collected 135 gold pieces.

Inventory:

Hand Weapons
 a - a +0 mace (weapon)
Missiles
 e - a throwing net (quivered)
Armour
 b - a +0 animal skin (worn)
Jewellery
 l - the ring of Fabyche (left hand) {Will- rCorr Str+8}
   (You found it on level 2 of the Dungeon)

   [ring of resist corrosion]

   Str:       It affects your strength (+8).
   rCorr:     It protects you from acid and corrosion.
   Will:      It decreases your willpower.
Wands
 k - a wand of acid (5)
Scrolls
 c - 2 scrolls of blinking {unknown}
 d - a scroll of teleportation {unknown}
 g - a scroll of amnesia {unknown}
 h - 5 scrolls of identify {unknown}
 j - a scroll of enchant weapon {unknown}
Potions
 f - a potion of heal wounds {unknown}
 i - 2 potions of curing {unknown}


   Skills:
 - Level 4.0 Fighting
 + Level 5.8 Maces & Flails
 - Level 2.6 Dodging


You had 4 spell levels left.
You didn't know any spells.
Your spell library was empty.

Dungeon Overview and Level Annotations

Branches:
Dungeon (3/15)

Altars:
Okawaru

Annotations:
D:3 Grinder


Innate Abilities, Weirdness & Mutations

You are too large for most types of armour.
You have tough skin. (AC +1)


Message History

Something hits you but does no damage. The orc closely misses you.
The orc barely misses you. x2
You bump into the rock wall.
The orc hits you with a +0 mace.
* * * LOW HITPOINT WARNING * * *
Something hits you.
* * * LOW HITPOINT WARNING * * *
The orc closely misses you.
You hit the orc but do no damage. The orc closely misses you.
Something hits you.
* * * LOW HITPOINT WARNING * * *
The orc hits you with a +0 whip.
* * * LOW HITPOINT WARNING * * *
An orc wizard comes into view. It is wielding a +0 dagger.
Okay, then.
You feel less confused. The orc hits you but does no damage.
The orc wizard casts a spell.
The orc wizard flickers and vanishes!
Something hits you but does no damage.
A red film seems to cover your vision as you go berserk!
You feel yourself moving faster!
You feel mighty! The orc closely misses you. Something completely misses you.
You hit something. The orc barely misses you.
You miss something. Something hits you but does no damage.
The orc hits you with a +0 mace.
* * * LOW HITPOINT WARNING * * *
You barely miss something. Your punch misses something. Something hits you.
* * * LOW HITPOINT WARNING * * *
The orc barely misses you.
You closely miss something. Something hits you but does no damage.
You barely miss something. The orc hits you with a +0 mace.
* * * LOW HITPOINT WARNING * * *
Something hits you.
* * * LOW HITPOINT WARNING * * *
You sock something! Trog accepts your kill.
Trog appreciates your killing of a magic user.
Reactivating autopickup.
You feel a bit more experienced. The orc hits you with a +0 mace.
You die...

#≈...≈# #.# #≈≈.≈≈####.#
#####'###.##.### ####
..#.......#...# ...#
#.#...........# ##.#
###)#....>..#...## #.#
#{oo.......#..#... #.#
#o#.###...#.....## #># #@#.#
######...## #.######### #)#.#
##.## #.#.......# ....# #.#
#.#.#####.# ##.### #.# ##.#.# #.#
#.###########'## #....### #.#
#.##... ..#...## #......###.#
#.##.# #......## #..........#
#.#..#####...#...#
###.....########......##...###...


You could see 2 orcs.

Vanquished Creatures
  A scorpion (D:3)
  2 orc wizards (D:3)
  4 gnolls (D:3)
  2 adders (D:2)
  A dart slug (D:1)
  3 orcs (D:3)
  11 ball pythons
  7 bats
  10 endoplasms
  A giant cockroach (D:2)
  6 goblins
  3 hobgoblins (D:1)
  4 jackals (D:3)
  2 quokkas (D:2)
  3 frilled lizards (D:1)
  4 kobolds
  2 rats (D:1)
66 creatures vanquished.

Notes
Turn   | Place    | Note
-------+----------+-------------------------------------------
     0 | D:1      | bobregger the Ogre Berserker began the quest for the Orb.
     0 | D:1      | Reached XP level 1. HP: 24/24 MP: 1/1
   169 | D:1      | Reached skill level 3 in Maces & Flails
   300 | D:1      | Reached XP level 2. HP: 32/32 MP: 2/2
   891 | D:1      | Found a faded altar of an unknown god.
  1016 | D:1      | Reached XP level 3. HP: 37/39 MP: 3/3
  1774 | D:2      | Reached skill level 4 in Maces & Flails
  2502 | D:2      | Reached XP level 4. HP: 39/48 MP: 4/4
  2548 | D:2      | Identified the ring of Fabyche {Will- rCorr Str+8}
  3063 | D:3      | Noticed a scorpion
  3072 | D:3      | Killed a scorpion
  3073 | D:3      | Reached skill level 5 in Maces & Flails
  3073 | D:3      | Reached XP level 5. HP: 54/54 MP: 5/5
  3918 | D:3      | Reached ** piety under Trog
  3940 | D:3      | Found an iron altar of Okawaru.
  3986 | D:3      | Noticed Grinder
  4559 | D:3      | HP: 3/81 [something (2)]
  4560 | D:3      | Slain by an orc

Illustrated notes

Levels and vault maps discovered:
D:1:      dpeg_arrival_more_subterranean_lakeside_camping, layout_basic,
          basic_ecumenical_altar, minmay_tromino_v4_c
D:2:      layout_loops_ring, kennysheep_generic_room_12
D:3:      layout_loops_corners, okawaru_ov_weapons_minmay,
          kennysheep_minor_cross, uniq_grinder

Skill      XL: |  1  2  3  4 |
---------------+-------------+-----
Maces & Flails | 3 4 5 |  5.8
Fighting       | |  4.0
Dodging        | |  2.6

Action                   |  1- 3 |  4- 6 || total
-------------------------+-------+-------++-------
Melee: Mace              |   119 |   117 ||   236
       Punch             |       |     1 ||     1
Invok: Berserk           |     3 |     4 ||     7
       Trog's Hand       |       |     1 ||     1
  Use: Potion            |       |     1 ||     1
Armor: Animal skin       |    30 |    40 ||    70
       Skin              |       |    12 ||    12
Dodge: Dodged            |    72 |    80 ||   152
